 Dungeon Crawl Stone Soup version 0.20-a0-1122-gb7cbeb9 (webtiles) character file.

3663 wolfsongas the Cleaver (level 9, -4/72 HPs)
             Began as a Demonspawn Fighter on May 15, 2017.
             Was an Elder of Okawaru (penitent).
             Slain by a deep elf knight
             ... wielding a +0 short sword
             ... created by the fury of Okawaru
              (11 damage)
             ... on level 8 of the Dungeon.
             The game lasted 00:23:23 (7907 turns).

wolfsongas the Cleaver (Demonspawn Fighter)         Turns: 7907, Time: 00:23:24

Health: -4/72      AC: 16    Str: 17    XL:     9   Next: 89%
Magic:  9/9        EV:  7    Int:  9    God:    Okawaru [*]
Gold:   415        SH:  5    Dex: 16    Spells: 8/8 levels left

rFire    + + +     SeeInvis .   s - +1 battleaxe
rCold    . . .     Gourm    .   (shield currently unavailable)
rNeg     . . .     Faith    .   k - +0 chain mail
rPois    .         Spirit   .   (no helmet)
rElec    .         Reflect  +   i - scarf {rC+ rF+}
rCorr    +         Harm     .   (no gloves)
MR       .....                  q - +2 pair of boots
Stlth    ..........             g - +5 amulet of reflection
Regen    0.3/turn               l - ring of fire
MPRegen  0.2/turn               (no ring)

@: no status effects
A: talons 2, yellow scales 3, camouflage 1, demonic guardian 1, fire resistance
1, high mp 1, mutation resistance 1, robust 1
a: Renounce Religion


You were on level 8 of the Dungeon.
You worshipped Okawaru.
Okawaru was demanding penance.
You were not hungry.

You visited 2 branches of the dungeon, and saw 10 of its levels.

You collected 415 gold pieces.

Inventory:

Hand Weapons
 e - a +2 war axe
 s - a +1 battleaxe (weapon)
Missiles
 o - 3 tomahawks of returning (quivered)
Armour
 d - a +2 large shield
 i - a scarf of resistance (worn)
 k - a +0 chain mail (worn)
 q - a +2 pair of boots (worn)
Jewellery
 g - a +5 amulet of reflection (around neck)
 l - a ring of fire (left hand)
Wands
 c - a wand of enslavement (6/24)
 t - a wand of lightning (13/15)
Scrolls
 h - a scroll of enchant armour
 j - 4 scrolls of teleportation
 m - 2 scrolls of remove curse
 n - 2 scrolls of recharging
 p - a scroll of fog
Potions
 r - 2 potions of curing
 u - a potion of magic
 v - a potion of agility
 x - a potion of brilliance
Comestibles
 a - a meat ration
 b - 6 fruits
 f - 6 bread rations
 w - a chunk of flesh


   Skills:
 * Level 4.6 Fighting
 + Level 12.2 Axes
 + Level 3.5 Armour
 - Level 2.6 Shields


You had 8 spell levels left.
You didn't know any spells.

Dungeon Overview and Level Annotations

Branches:
Dungeon (9/15)             Temple (1/1) D:6            Lair (0/6) D:8
    Orc: D:9-12

Altars:
Ashenzari
Cheibriados
Dithmenos
Elyvilon
Fedhas
Gozag
Hepliaklqana
Kikubaaqudgha
Makhleb
Nemelex Xobeh
Okawaru
Qazlal
Ru
Trog
Uskayaw
Vehumet
Wu Jian
Xom
Yredelemnul
Zin
The Shining One


Innate Abilities, Weirdness & Mutations

You have razor-sharp toenails.
You are completely covered in yellow scales. (AC +4, rCorr)
A weak demonic guardian rushes to your aid.
Your skin changes colour to match your surroundings (Stealth+).
Your flesh is heat resistant. (rF+)
You have an increased reservoir of magic. (+10% MP)
You are somewhat resistant to further mutation.
You are robust. (+10% HP)


Message History

The shard of ice reflects off an invisible shield around you!
The shard of ice hits something.
The orc warrior barely misses you.
Your ufetubus hits the orc warrior.
Your ufetubus hits the orc warrior but does no damage.
You catch the helpless orc warrior completely off-guard!
You hit the orc warrior.
The orc warrior is moderately wounded.
You miss something.
Your ufetubus hits the orc warrior but does no damage. x2
You hear some strange, mumbled words.
A shard of ice appears from out of thin air!
The shard of ice hits you!
* * * LOW HITPOINT WARNING * * *
The orc warrior misses your ufetubus.
You hit the orc warrior.
The orc warrior is moderately wounded.
You miss something.
Your ufetubus barely misses the orc warrior.
Your ufetubus hits the orc warrior. Something hits you!
You die...

#.....# ####.#.......
#####.### #######.#....#.#
#...# #............#.#
###.#####
###.#####.#.####.# #.....#
#...##..#.#....#..
#####.###.#.##..#.####.###
#...#.#.....#.........
###.#{####.##.#....###
#5o@# #.##.#.).## #####
#....##### ######


You could see an orc warrior and a friendly ufetubus.

Vanquished Creatures
  The ghost of walesgrey the Blocker, a novice HaFi of Wu Jian (D:5)
  Grinder (D:3)
  An ice beast (D:6)
  A sky beast (D:7)
  A black bear (D:6)
  A phantom (D:5)
  A necrophage (D:8)
  3 big kobolds
  Blork the orc (D:6)
  3 scorpions
  3 wights (D:7)
  An electric eel (D:7)
  3 howler monkeys
  Crazy Yiuf (D:5)
  5 orc priests
  A hound (D:8)
  A centaur skeleton (D:5)
  3 orc wizards
  2 bullfrog skeletons (D:4)
  3 iguanas
  8 worker ants
  A killer bee zombie (D:6)
  A hound skeleton (D:7)
  3 gnolls (D:3)
  11 adders
  3 shadow imps
  An adder zombie (D:6)
  2 oozes
  An adder skeleton (D:5)
  3 worms
  5 dart slugs
  A leopard gecko (D:6)
  10 orcs
  7 bats
  A bat zombie (D:2)
  6 giant cockroaches
  7 goblins
  6 hobgoblins
  12 jackals
  15 kobolds
  7 quokkas
  2 frilled lizards
  A leopard gecko zombie (D:5)
  A quokka skeleton (D:4)
  11 rats
  2 fungi (D:5)
  A plant (D:7)
166 creatures vanquished.

Vanquished Creatures (collateral kills)
  Psyche (D:8)
  Sigmund (D:5)
  Eustachio (D:5)
  An orc warrior (D:6)
  3 ogres (D:4)
  2 centaurs (D:6)
  A howler monkey (D:7)
  2 orc wizards
  A leopard gecko (D:5)
  4 orcs
  A jackal (D:6)
18 creatures vanquished.

Vanquished Creatures (others)
  A wyvern skeleton (D:6)
  A kobold (D:3)
  A plant (D:5)
3 creatures vanquished.

Grand Total: 187 creatures vanquished

Notes
Turn   | Place    | Note
-------+----------+-------------------------------------------
     0 | D:1      | wolfsongas the Demonspawn Fighter began the quest for the Orb.
     0 | D:1      | Reached XP level 1. HP: 18/18 MP: 1/1
    27 | D:1      | Reached skill level 2 in Axes
   151 | D:1      | Gained mutation: You are partially covered in yellow scales. (AC +2) [demonic ancestry]
   151 | D:1      | Reached XP level 2. HP: 22/24 MP: 2/2
   510 | D:1      | Reached skill level 3 in Axes
   737 | D:2      | Gained mutation: You have sharp toenails. [demonic ancestry]
   737 | D:2      | Reached XP level 3. HP: 25/29 MP: 3/3
   832 | D:2      | Gained mutation: Your natural rate of healing is unusually fast. [potion of mutation]
   832 | D:2      | Gained mutation: Your spells are a little easier to cast, but a little less powerful. [potion of mutation]
   832 | D:2      | Gained mutation: Your skin changes colour to match your surroundings (Stealth+). [potion of mutation]
   892 | D:2      | Found an ancient bone altar of Kikubaaqudgha.
  1000 | D:2      | Found a radiant altar of Vehumet.
  1002 | D:2      | Found a shadowy altar of Dithmenos.
  1027 | D:2      | Gained mutation: You are mostly covered in yellow scales. (AC +3) [demonic ancestry]
  1027 | D:2      | Reached XP level 4. HP: 35/35 MP: 4/4
  1167 | D:2      | Reached skill level 4 in Axes
  1843 | D:3      | Noticed Grinder
  1863 | D:3      | Paralysed by Grinder for 4 turns
  2161 | D:3      | Found an iron altar of Okawaru.
  2194 | D:3      | Became a worshipper of Warmaster Okawaru
  2322 | D:3      | Found a stormy altar of Qazlal.
  2463 | D:3      | Gained mutation: A weak demonic guardian rushes to your aid. [demonic ancestry]
  2463 | D:3      | Reached XP level 5. HP: 36/41 MP: 5/5
  2476 | D:3      | Killed Grinder
  2476 | D:3      | Reached skill level 6 in Axes
  2476 | D:3      | Reached XP level 6. HP: 44/47 MP: 6/6
  3016 | D:4      | Reached * piety under Okawaru
  3188 | D:4      | Reached skill level 7 in Axes
  3191 | D:4      | Gained mutation: You are completely covered in yellow scales. (AC +4, rCorr) [demonic ancestry]
  3191 | D:4      | Reached XP level 7. HP: 52/52 MP: 7/7
  3496 | D:4      | Reached ** piety under Okawaru
  3599 | D:4      | Reached skill level 8 in Axes
  3683 | D:5      | Entered Level 5 of the Dungeon
  3713 | D:5      | Found an ornate altar of the Wu Jian Council.
  3880 | D:5      | Noticed Sigmund
  3901 | D:5      | Killed Sigmund
  3901 | D:5      | Reached skill level 9 in Axes
  3901 | D:5      | Reached XP level 8. HP: 46/58 MP: 8/8
  3923 | D:5      | Found a hazy altar of Hepliaklqana.
  3971 | D:5      | Noticed walesgrey's ghost (novice HaFi)
  3989 | D:5      | Killed walesgrey's ghost
  3989 | D:5      | Reached *** piety under Okawaru
  3989 | D:5      | Reached skill level 10 in Axes
  3994 | D:5      | Noticed Eustachio
  4000 | D:5      | Killed Eustachio
  4340 | D:5      | Found a runed door.
  4344 | D:5      | Noticed Crazy Yiuf
  4350 | D:5      | Killed Crazy Yiuf
  4353 | D:5      | Lost mutation: Your spells are a little easier to cast, but a little less powerful. [potion of mutation]
  4353 | D:5      | Lost mutation: Your skin changes colour to match your surroundings (Stealth+). [potion of mutation]
  4353 | D:5      | Gained mutation: You can translocate small distances at will. [potion of mutation]
  4353 | D:5      | Gained mutation: Your muscles are strong. (Str +2) [potion of mutation]
  4510 | D:5      | Found a burning altar of Makhleb.
  4533 | D:5      | Lost mutation: Your muscles are strong. (Str +2) [potion of mutation]
  4533 | D:5      | Lost mutation: Your natural rate of healing is unusually fast. [potion of mutation]
  4533 | D:5      | Gained mutation: You are robust. (+10% HP) [potion of mutation]
  4533 | D:5      | Gained mutation: You have an increased reservoir of magic. (+10% MP) [potion of mutation]
  4533 | D:5      | Gained mutation: Your skin changes colour to match your surroundings (Stealth+). [potion of mutation]
  4537 | D:5      | Found a snail-covered altar of Cheibriados.
  5183 | D:6      | Found a staircase to the Ecumenical Temple.
  5188 | D:6      | Gained mutation: You have razor-sharp toenails. [demonic ancestry]
  5188 | D:6      | Reached XP level 9. HP: 48/69 MP: 6/9
  5222 | Temple   | Entered the Ecumenical Temple
  5363 | D:6      | Reached skill level 11 in Axes
  5397 | D:6      | Noticed Blork the orc
  5410 | D:6      | Killed Blork the orc
  5936 | D:6      | Reached **** piety under Okawaru
  6228 | D:6      | Found a basalt altar of Yredelemnul.
  6541 | D:7      | Lost mutation: You can translocate small distances at will. [potion of mutation]
  6541 | D:7      | Gained mutation: Your spells are a little harder to cast, but a little more powerful. [potion of mutation]
  6541 | D:7      | Gained mutation: Your flesh is heat resistant. (rF+) [potion of mutation]
  6615 | D:7      | Found a glowing golden altar of the Shining One.
  6671 | D:7      | Found a sparkling altar of Nemelex Xobeh.
  6736 | D:7      | Reached skill level 12 in Axes
  6792 | D:7      | Gained mutation: Your muscles are strong. (Str +2) [mutagenic meat]
  6794 | D:7      | Gained mutation: You occasionally shout uncontrollably at your foes. [mutagenic meat]
  6795 | D:7      | Gained mutation: Your body sometimes deteriorates upon taking damage. [mutagenic meat]
  7006 | D:7      | Found a shimmering altar of Xom.
  7371 | D:8      | Found a sacrificial altar of Ru.
  7597 | D:8      | Noticed Psyche
  7605 | D:8      | Killed Psyche
  7606 | D:8      | Was placed under penance by Okawaru
  7720 | D:8      | Lost mutation: You occasionally shout uncontrollably at your foes. [potion of mutation]
  7720 | D:8      | Lost mutation: Your body sometimes deteriorates upon taking damage. [potion of mutation]
  7720 | D:8      | Lost mutation: Your muscles are strong. (Str +2) [potion of mutation]
  7720 | D:8      | Lost mutation: Your spells are a little harder to cast, but a little more powerful. [potion of mutation]
  7720 | D:8      | Gained mutation: You are somewhat resistant to further mutation. [potion of mutation]
  7825 | D:8      | Found a staircase to the Lair.
  7895 | D:9      | Noticed a deep elf knight
  7895 | D:9      | Noticed a deep elf knight
  7895 | D:9      | Noticed a deep elf archer
  7895 | D:9      | Noticed a deep elf archer
  7899 | D:9      | Noticed a deep elf knight
  7907 | D:8      | Slain by a deep elf knight

Vault maps used:
D:1:      mrwooster_arrival_statue, hex_tiny
D:2:      lemuel_zombie_altar_kikubaaqudgha, nicolae_overflow_hidden_temple
D:3:      okawaru_ov_weapons_minmay, lemuel_round_altar, uniq_grinder
D:4:      first_bread
D:5:      nicolae_overflow_crystal_walls, lemuel_round_altar,
          overflow_temple_1_default, chequers_big_river, minmay_ruined_shrine,
          uniq_crazy_yiuf_cottage, uniq_sigmund, uniq_eustachio
D:6:      minmay_temple_entry_hall, basic_altar, st_stairs_2,
          minmay_crystal_room, kennysheep_generic_room_16, uniq_blork_the_orc
D:7:      tso_oasis_becter, overflow_temple_1_default, kennysheep_mini,
          kennysheep_small_spiral
D:8:      kennysheep_little_box, lair_entry_dummy, uniq_psyche
D:9:      old_standard_altar, orc_0_dummy, grunt_ogre_cave
Temple:   nicolae_temple_figure_zero

Skill      XL: |  1  2  3  4  5  6  7  8  9 |
---------------+----------------------------+-----
Axes           | 2 3 4 6 7 9 10 12 | 12.2
Armour         | 3 |  3.5
Fighting       | 4 |  4.6
Shields        | |  2.6

Action                   |  1- 3 |  4- 6 |  7- 9 || total
-------------------------+-------+-------+-------++-------
Melee: War axe           |   140 |   164 |   304 ||   608
       Kick              |    17 |    44 |    86 ||   147
       Battleaxe         |       |       |   148 ||   148
Invok: Heroism           |       |       |     6 ||     6
  Use: Scroll            |     4 |     4 |     6 ||    14
       Potion            |     1 |     6 |    11 ||    18
 Stab: Distracted        |       |       |     2 ||     2
  Eat: Chunk             |       |     7 |     6 ||    13
       Meat ration       |       |     2 |     1 ||     3
Armor: Scale mail        |    89 |    61 |       ||   150
       Chain mail        |       |    32 |   248 ||   280
Dodge: Dodged            |    55 |    57 |   118 ||   230
Block: Shield            |    72 |       |       ||    72
       Reflection        |     4 |     4 |     5 ||    13
       Other             |    17 |    43 |    90 ||   150
